 Dungeon Crawl Stone Soup version 0.21.1-1-g345015f (webtiles) character file.

733855 Rwicked the Metallomancer (level 27, -2/181 HPs)
             Began as a Gargoyle Earth Elementalist on July 17, 2018.
             Was the Champion of Vehumet.
             Slain by an Executioner (13 damage)
             ... on level 5 of the Abyss on July 21, 2018.
             The game lasted 13:26:42 (106837 turns).

Rwicked the Metallomancer (GrEE)                  Turns: 106837, Time: 13:26:43

Health: -2/181     AC: 45    Str: 17 (18) XL:     27
Magic:  34/36      EV: 22    Int: 34 (35) God:    Vehumet [******]
Gold:   1796       SH:  8    Dex: 12      Spells: 1/63 levels left

rFire    + + +     SeeInvis +   x - +3 Elemental Staff {rElec rF++ rC++ MR++ AC+5}
rCold    + + +     Gourm    .   L - +3 warlock's mirror {reflect}
rNeg     + + +     Faith    .   a - +2 robe {Archmagi}
rPois    ∞         Spirit   .   D - +2 helmet {SInv}
rElec    +         Reflect  +   i - +2 cloak {+Inv}
rCorr    .         Harm     .   y - +2 pair of gloves {Str+3}
MR       ++++.     Rnd*Rage +   m - +2 pair of boots of Foyxt {Int+4 Dex+4} Stlth ++........Rnd*Tele +
                                g - amulet of Roguq {RegenMP rPois rN+ Slay+2}
HPRegen  0.00/turn              o - ring "Caygrex" {rPois rC+ rN+ Str+4 Int+2}
MPRegen  0.50/turn              t - ring "Ronnax" {rF+ AC+3 Int+7 Dex+2}

@: berserk cooldown, flying, studying Earth Magic
A: big wings, berserk 1[+1], [blurry vision 1], clumsy 2, cold resistance 1,
deformed body, deterioration 1, dopey 2, [frail 1], low mp 2, negative energy
resistance 1, robust 1, screaming 1, electricity resistance, inhibited
regeneration, teleportitis 1[+2], weak 1[+1], unbreathing, petrification
resistance, [no potion heal 1], rot immunity, subdued magic 1[+1], AC +20
}: 3/15 runes: barnacled, silver, gossamer
a: Stop Flying, Renounce Religion, Evoke Invisibility


You were on level 5 of the Abyss.
You worshipped Vehumet.
Vehumet was exalted by your worship.
You were very hungry.

You visited 12 branches of the dungeon, and saw 54 of its levels.
You visited the Abyss 1 time.
You visited 1 bazaar.
You also visited: Labyrinth and Trove.

You collected 11222 gold pieces.
You spent 9426 gold pieces at shops.

Inventory:

Hand Weapons
 k - the +9 halberd "Talli Foam" {chop, rPois rF- Dex+6}
   (You found it on level 1 of the Abyss)

   It inflicts extra damage upon your enemies.
   It affects your dexterity (+6).
   It makes you vulnerable to fire.
   It protects you from poison.
 x - the +3 Elemental Staff (weapon) {rElec rF++ rC++ MR++ AC+5}
   (You bought it in a shop on level 2 of the Orcish Mines)

   It affects your AC (+5).
   It greatly protects you from fire.
   It greatly protects you from cold.
   It insulates you from electricity.
   It affects your resistance to hostile enchantments.
Missiles
 b - 1475 stones
 P - 87 tomahawks (quivered)
Armour
 a - a +2 robe of the Archmagi (worn)
 i - a +2 cloak of invisibility (worn)
 m - the +2 pair of boots of Foyxt (worn) {Int+4 Dex+4}
   (You found it on level 5 of the Vaults)

   It affects your intelligence (+4).
   It affects your dexterity (+4).
 y - a +2 pair of gloves of strength (worn)
 D - a +2 helmet of see invisible (worn)
 L - the +3 warlock's mirror (worn) {reflect}
   (You found it on level 3 of the Elven Halls)
Jewellery
 g - the amulet of Roguq (around neck) {RegenMP rPois rN+ Slay+2}
   (You bought it in a shop on level 2 of the Depths)

   [amulet of magic regeneration]

   It increases your magic regeneration.
   It affects your accuracy and damage with ranged weapons and melee attacks
   (+2).
   It protects you from poison.
   It protects you from negative energy.
 o - the ring "Caygrex" (left hand) {rPois rC+ rN+ Str+4 Int+2}
   (You found it on level 3 of the Crypt)

   [ring of positive energy]

   It affects your strength (+4).
   It affects your intelligence (+2).
   It protects you from cold.
   It protects you from poison.
   It protects you from negative energy.
 p - the ring "Foiduepn" {*Tele *Corrode rF+ rN+, unknown}
   (You found it on level 1 of the Abyss)

   [ring of teleportation]

   It may teleport you next to monsters.
   It protects you from fire.
   It protects you from negative energy.
   It may corrode you when you take damage.
 t - the ring "Ronnax" (right hand) {rF+ AC+3 Int+7 Dex+2}
   (You found it on level 3 of the Elven Halls)

   [ring of protection]

   It affects your AC (+3).
   It affects your intelligence (+7).
   It affects your dexterity (+2).
   It protects you from fire.
Wands
 s - a wand of acid (21)
 v - a wand of digging (39)
 O - a wand of paralysis (85)
Scrolls
 c - 3 scrolls of immolation
 f - 5 scrolls of identify
 h - 2 scrolls of blinking
 r - 15 scrolls of teleportation
 u - a scroll of enchant armour
 w - a scroll of amnesia
 A - 2 scrolls of magic mapping
 M - 25 scrolls of remove curse
Potions
 e - 7 potions of brilliance
 l - 2 potions of heal wounds
 n - 24 potions of curing
 C - 10 potions of haste
 E - 7 potions of resistance
 U - 3 potions of cancellation
Books
 q - a book of Annihilations

   Spells                             Type                      Level
   a - Poison Arrow                   Conjuration/Poison           6
   b - Chain Lightning                Conjuration/Air              8
   c - Lehudib's Crystal Spear        Conjuration/Earth            8
   d - Glaciate                       Conjuration/Ice              9
   e - Fire Storm                     Conjuration/Fire             9
 V - a manual of Earth Magic
Miscellaneous
 j - the horn of Geryon
Comestibles
 d - 34 rations


   Skills:
 + Level 20.8 Fighting
   Level 6.7(11.6) Maces & Flails
 - Level 14.5(15.0) Staves
 - Level 6.0 Armour
 + Level 16.7 Dodging
 - Level 2.1 Stealth
 - Level 4.0 Shields
 + Level 18.6 Spellcasting
 + Level 21.1 Conjurations
 + Level 4.6 Charms
 + Level 4.3 Necromancy
   Level 0.7 Transmutations
 + Level 20.0 Fire Magic
 + Level 24.7 Earth Magic
 - Level 17.5 Evocations


You had one spell level left.
You knew the following spells:

 Your Spells              Type           Power        Failure   Level  Hunger
a - Sandblast             Erth           ######       0%          1    None
b - Stone Arrow           Conj/Erth      ######       0%          3    None
c - Lee's Rapid Deconstr  Erth           ########..   0%          5    None
d - Flame Tongue          Conj/Fire      #####        0%          1    None
e - Conjure Flame         Conj/Fire      ########     0%          3    None
f - Bolt of Magma         Conj/Fire/Erth ########..   0%          5    None
g - Bolt of Fire          Conj/Fire      ########..   0%          6    None
h - Fireball              Conj/Fire      ########..   0%          5    None
i - Ignition              Fire           ########..   1%          8    #####..
j - Lehudib's Crystal Sp  Conj/Erth      ########..   1%          8    #####..
k - Shatter               Erth           ########..   1%          9    ######.
l - Death's Door          Chrm/Necr      ######....   100%        8    #####..


Dungeon Overview and Level Annotations

Branches:
Dungeon (15/15)            Temple (1/1) D:5            Lair (6/6) D:10
 Shoals (4/4) Lair:3       Spider (4/4) Lair:2        Slime (0/5) Lair:6
    Orc (2/2) D:9             Elf (3/3) Orc:2        Vaults (5/5) D:13
  Crypt (3/3) Vaults:2       Tomb (0/3) Crypt:3      Depths (5/5) D:15
   Hell (1/1)                 Dis (0/7) Hell            Geh (0/7) Hell
    Coc (0/7) Hell            Tar (0/7) Hell            Zot (5/5) Depths:5

Altars:
Ashenzari
Cheibriados
Dithmenos
Elyvilon
Fedhas
Gozag
Hepliaklqana
Kikubaaqudgha
Makhleb
Nemelex Xobeh
Okawaru
Qazlal
Ru
Sif Muna
Trog
Uskayaw
Vehumet
Wu Jian
Xom
Yredelemnul
Zin
The Shining One
Jiyva
Lugonu

Shops:
D:5 [[:%   D:13 [   D:14 *   Orc:2 %?[(:   Elf:3 *   Vaults:1 !*:?!
Vaults:4 !   Depths:1 :   Depths:2 =}=(

Portals:
Hell: Depths:1 Depths:2 Depths:3 Depths:4 Depths:5
Abyss: Depths:4 Depths:5
Pandemonium: Orc:2 Depths:3 Depths:4
Ziggurat: Depths:2

Annotations:
Depths:3 3 runed doors


Innate Abilities, Weirdness & Mutations

You are resistant to torment.
Your stone body is resilient. (AC +20)
You are immune to poison.
Your large and strong wings let you fly indefinitely.
You resist negative energy. (rN+)
You are resistant to electric shocks. (rElec)
You can survive without breathing.
You are immune to petrification.
You are immune to rotting.
You are very clumsy. (Dex -4)
Your flesh is cold resistant. (rC+)
Armour fits poorly on your strangely shaped body.
Your body sometimes deteriorates upon taking damage.
You are very dopey. (Int -4)
Your magical capacity is very low. (-20% MP)
You are robust. (+10% HP)
You occasionally shout uncontrollably at your foes.
You do not regenerate when monsters are visible.
[You often lose your temper in combat.]
[Scrolls take you a little longer to read.]
[You are frail. (-10% HP)]
[You are often teleported next to monsters.]
[You are very weak. (Str -4)]
[Potions are less effective at restoring your health.]
[Your spells are easier to cast, but less powerful.]


Message History

Your system partially rejects the healing.
You feel much better.
The Executioner hits you but does no damage.
You block the Executioner's attack. x2; The Executioner completely misses you.
The Executioner hits you but does no damage.
The Executioner barely misses you. x2; You block the Executioner's attack.
The Executioner closely misses you.
Really read with blurry vision while enemies are nearby? [Y]es or [N]o only, please.
Really read with blurry vision while enemies are nearby?
The Executioner hits you.
* * * LOW HITPOINT WARNING * * *
The Executioner hits you but does no damage. x2
The Executioner hits you.
* * * LOW HITPOINT WARNING * * *
The Executioner completely misses you.
The Executioner hits you but does no damage.
You begin reading the scroll.
You continue reading the scroll.
The Executioner hits you!
You die...

# . ## .## .#
.##.#.###.#..#
#....X1.)....#
#@# ..# #.## #
###


You could see an Executioner and a large abomination.

Vanquished Creatures
  7 orbs of fire
  Mara (Crypt:1)
  8 ancient liches
  Sojobo (Vaults:3)
  Boris (Depths:3)
  Bai Suzhen (Crypt:3)
  Xtahua (Vaults:3)
  2 curse toes
  Margery (Vaults:4)
  8 golden dragons
  A profane servitor (Crypt:3)
  6 Killer Klowns
  Geryon (Hell)
  5 bone dragons
  The ghost of buskinjo the Eclecticist, an adept DEFE of Vehumet (Depths:3)
  4 electric golems
  A Tzitzimitl (Depths:4)
  A hellephant (Hell)
  17 tentacled monstrosities
  4 liches
  Rupert (D:14)
  25 Orb Guardians (Zot:5)
  9 quicksilver dragons
  3 deep elf blademasters
  8 titans
  4 deep elf master archers (Elf:3)
  Asterion (Spider:2)
  3 ancient champions
  An acid blob (Lair:6)
  4 sphinxes
  7 tentacled starspawn
  18 tengu reavers
  An eldritch tentacle (Vaults:4)
  Roxanne (D:15)
  7 shadow dragons
  12 death cobs
  8 draconian monks
  17 storm dragons
  7 draconian knights
  A daeva (Abyss:5)
  2 azure jellies (Vaults:4)
  2 iron dragons
  14 frost giants
  13 fire giants
  5 deep elf sorcerers
  5 draconian scorchers
  Ilsuiw (Shoals:4)
  12 vault wardens
  6 emperor scorpions (Spider:4)
  A caustic shrike zombie (Depths:2)
  Louise (D:14)
  3 draconian stormcallers
  2 curse skulls (Crypt:3)
  5 ghost moths
  3 balrugs
  A juggernaut zombie (Depths:4)
  4 deep elf elementalists
  An angel (Abyss:1)
  3 juggernaut skeletons (Depths:4)
  14 ghouls
  A spriggan defender (Depths:5)
  8 draconian shifters
  10 entropy weavers
  23 starcursed masses
  7 reapers
  8 ironheart preservers
  5 draconian annihilators
  5 war gargoyles
  4 deep elf demonologists
  27 very ugly things
  25 stone giants
  7 black draconians
  9 vampire knights
  8 purple draconians
  9 deep elf annihilators
  9 red draconians
  10 spark wasps
  3 lorocyprocas
  8 yellow draconians
  A dire elephant (D:15)
  8 green draconians
  8 white draconians
  Azrael (D:13)
  A minotaur (shapeshifter) (Vaults:5)
  9 eidola
  16 deep elf death magi
  8 merfolk javelineers
  The ghost of troglodite the Carver, a journeyman DsBe of Trog (Orc:2)
  11 ettins
  Snorg (Lair:6)
  A minotaur (Lab)
  5 jiangshi
  5 deep elf high priests
  12 fire dragons
  Josephine (D:9)
  7 merfolk impalers
  A kraken zombie (Hell)
  16 yaktaur captains
  A mummy priest (Crypt:3)
  The ghost of Kagorn the Fighter, a journeyman GrFi of Okawaru (Lair:3)
  The ghost of nicolaieve the Severer, a journeyman MiBe of Trog (D:11)
  7 great orbs of eyes
  9 ice dragons
  A quicksilver dragon skeleton (Crypt:1)
  A hell beast (Depths:3)
  6 rakshasas
  38 vault guards
  5 catoblepae
  3 spriggan air magi
  9 hydras
  44 two-headed ogres
  10 merfolk aquamancers
  20 ogre magi
  2 hell hogs
  5 death knights
  7 centaur warriors
  5 merfolk avatars
  A queen ant (Lair:5)
  3 satyrs
  6 death yaks (Lair:6)
  9 tengu warriors
  23 dancing weapons
  8 deep troll shamans
  6 vampire magi
  9 deep troll earth magi
  4 shock serpents (Vaults:4)
  Urug (Lair:3)
  8 orc high priests (Orc:2)
  2 spriggan berserkers
  2 titan zombies
  2 thrashing horrors (Abyss:1)
  2 iron golems (Hell)
  23 small abominations
  Sonja (D:10)
  13 wretched stars
  10 soul eaters
  The ghost of Kuinu the Carver, a novice MiFi (D:12)
  3 storm dragon zombies
  4 spriggans
  12 deep elf knights
  4 sixfirhies
  6 iron trolls
  3 sun demons
  3 shadow wraiths
  46 skeletal warriors
  3 anaconda zombies
  20 hell knights
  3 torturous demonspawn (Orc:2)
  7 glowing orange brains
  38 deep trolls
  An unseen horror (shapeshifter) (Vaults:4)
  12 flayed ghosts
  A glowing orange brain (shapeshifter) (Vaults:3)
  2 spatial maelstroms
  3 golden dragon zombies (Depths:4)
  2 unseen horrors
  13 sea snakes
  13 deep elf archers
  A gelid demonspawn (Orc:2)
  17 ironbrand convokers
  Pikel (D:3)
  13 orc knights
  2 shadow dragon zombies
  30 phantasmal warriors
  9 harpies
  11 wizards
  3 golden dragon skeletons
  A tengu skeleton (Depths:4)
  3 anaconda skeletons
  22 necromancers
  17 orb spiders
  A wolf spider (shapeshifter) (Vaults:5)
  A harpy (shapeshifter) (Vaults:3)
  A shadow dragon skeleton (Depths:4)
  3 iron dragon zombies
  A shining eye (Depths:2)
  33 wolf spiders
  An orb spider (shapeshifter) (Vaults:5)
  53 deep elf magi
  2 wolf spider zombies (Crypt:3)
  19 manticores
  5 orc sorcerers
  10 cyclopes
  A manticore (shapeshifter) (Vaults:5)
  6 fire giant zombies
  A sphinx skeleton (Depths:4)
  4 fauns (Shoals:1)
  7 worldbinders
  5 frost giant zombies
  24 moths of wrath
  57 ugly things
  2 salamanders (Depths:3)
  3 apocalypse crabs
  3 eyes of devastation
  12 rust devils
  2 stone giant skeletons
  3 dire elephant zombies
  2 frost giant skeletons
  7 merfolk sirens
  3 orange demons
  A naga mage (D:15)
  A molten gargoyle (Hell)
  11 vault sentinels
  9 smoke demons
  A torpor snail (Spider:3)
  9 water nymphs
  A shock serpent zombie (Crypt:3)
  3 black mambas
  3 ice statues
  A black mamba (shapeshifter) (Vaults:3)
  A storm dragon simulacrum (Crypt:1)
  A pale draconian zombie (Crypt:2)
  A titan simulacrum (Depths:4)
  2 gargoyles
  8 centaur skeletons
  A fire giant skeleton (Depths:1)
  14 spiny frogs
  A komodo dragon (shapeshifter) (Depths:2)
  A yaktaur zombie (Depths:1)
  A spiny frog (shapeshifter) (Elf:1)
  48 yaktaurs
  4 elf skeletons
  A rime drake (Lair:3)
  12 freezing wraiths
  10 demonic crawlers
  An anaconda simulacrum (Hell)
  2 ice devils
  7 ancient zymes
  A kobold demonologist (D:11)
  2 spriggan skeletons
  5 efreet
  A hellwing (Abyss:1)
  A purple draconian skeleton (Crypt:2)
  52 jumping spiders
  3 tengu conjurers
  7 trolls
  4 komodo dragons
  An entropy weaver simulacrum (Vaults:2)
  A troll (shapeshifter) (Vaults:4)
  A green draconian skeleton (Crypt:1)
  A sea snake skeleton (Crypt:2)
  5 guardian mummies
  11 red devils
  A grey draconian skeleton (Crypt:2)
  Prince Ribbit (D:8)
  A queen bee (shapeshifter) (Depths:3)
  20 raiju
  A hydra skeleton (Hell)
  3 hydra zombies
  30 merfolk
  2 polar bears (Lair:6)
  15 blink frogs
  A minotaur skeleton (Crypt:1)
  9 hornets
  A raiju (shapeshifter) (Vaults:3)
  A fire dragon zombie (Crypt:3)
  4 wind drakes
  A bog body (Crypt:2)
  A hornet (shapeshifter) (D:15)
  A deep troll zombie (Depths:1)
  37 slime creatures
  A tengu simulacrum (Depths:4)
  14 hippogriffs
  21 large abominations
  14 snapping turtles
  10 dream sheep
  An iron dragon simulacrum (Depths:4)
  An alligator zombie (Hell)
  A black mamba zombie (Crypt:1)
  A dream sheep (shapeshifter) (Depths:2)
  2 ice dragon zombies
  2 spriggan zombies
  Sigmund (D:7)
  33 water elementals
  A stone giant simulacrum (Hell)
  15 flying skulls
  A dire elephant simulacrum (Hell)
  A tarantella (shapeshifter) (Vaults:3)
  8 ynoxinuls
  A shadow (D:12)
  76 redbacks
  28 tarantellas
  2 ushabtiu (Crypt:3)
  5 air elementals
  17 wraiths
  4 wyverns
  3 elf zombies (Depths:4)
  A steam dragon (D:11)
  6 fire bats
  A golden eye (shapeshifter) (Vaults:4)
  7 basilisks
  37 yaks
  12 fire elementals
  6 chaos spawn
  8 neqoxecs
  Grum (D:8)
  2 humans (D:8)
  2 vampire mosquitoes (D:13)
  A monstrous demonspawn zombie (Crypt:1)
  Edmund (D:7)
  Menkaure (D:5)
  10 insubstantial wisps
  2 harpy simulacra (Vaults:4)
  2 spatial vortices (Vaults:4)
  2 acid dragons (D:11)
  26 hell hounds
  5 wargs
  7 water moccasins
  19 soldier ants
  A spiny frog zombie (Crypt:1)
  8 porcupines
  3 floating eyes
  4 sky beasts
  3 ice beasts
  An ice dragon simulacrum (Crypt:1)
  46 orc warriors
  4 ettin simulacra
  A spiny frog skeleton (Hell)
  2 eyes of draining
  A monstrous demonspawn skeleton (Crypt:2)
  20 necrophages
  39 ogres
  4 phantoms
  A black mamba simulacrum (Vaults:4)
  A fire dragon simulacrum (Vaults:4)
  2 boggarts (Vaults:4)
  2 snapping turtle zombies
  A wolf (shapeshifter) (Vaults:4)
  9 wolves
  12 centaurs
  A tengu (shapeshifter) (Abyss:5)
  A lindwurm skeleton (Crypt:1)
  16 crocodiles
  An elf simulacrum (Depths:4)
  A manticore skeleton (Crypt:1)
  A rime drake zombie (Crypt:1)
  9 big kobolds
  23 bullfrogs
  A glowing shapeshifter simulacrum (Vaults:2)
  3 earth elementals
  8 wyvern skeletons (Crypt:3)
  A human simulacrum (Depths:4)
  4 scorpions
  4 elephant simulacra (Vaults:4)
  20 killer bees
  A raiju skeleton (Crypt:1)
  6 wights
  4 electric eels
  3 crimson imps
  6 bullfrog zombies
  9 centaur zombies
  3 quasits
  A human zombie (Crypt:1)
  13 hounds
  5 bullfrog skeletons
  23 orc priests
  4 human skeletons (Crypt:1)
  A jelly (shapeshifter) (Abyss:3)
  3 jellies
  23 orc wizards
  Crazy Yiuf (D:5)
  2 iron imps
  5 iguanas
  5 hell rats
  4 lightning spires (Vaults:4)
  2 polar bear simulacra (Lair:4)
  23 worker ants
  2 yak simulacra (Lair:4)
  5 wolf simulacra (Lair:4)
  A hound zombie (Crypt:2)
  2 hound skeletons
  2 mummies (Crypt:1)
  3 gnolls (D:3)
  2 howler monkey zombies
  A howler monkey skeleton (D:5)
  9 adders
  3 shadow imps
  3 white imps
  8 ufetubi
  An ooze (D:9)
  2 adder zombies
  2 worms
  2 dart slugs
  5 leopard geckos
  86 orcs
  A bat (D:1)
  3 giant cockroaches
  5 goblins
  2 hobgoblins (D:1)
  12 jackals
  9 quokkas
  7 ball pythons
  4 frilled lizards
  A jackal skeleton (D:5)
  A jackal zombie (D:5)
  31 kobolds
  A leopard gecko skeleton (D:8)
  A quokka skeleton (D:4)
  7 rats
  2 river rat simulacra (Lair:4)
  3 crawling corpses
  4 fungi
  10 plants
  2 tentacles (Hell)
  3 withered plants (Crypt:3)
2976 creatures vanquished.

Vanquished Creatures (others)
  A death cob (Zot:1)
  A draconian stormcaller (Zot:1)
  A draconian shifter (Zot:1)
  A red draconian (Zot:1)
  A yellow draconian (Zot:1)
  A deep elf death mage (Depths:4)
  2 necromancers (Depths:4)
  A jumping spider (Spider:4)
  A golden eye (Abyss:5)
  A black bear (D:4)
  A slave (D:4)
  A small abomination (Abyss:1)
  An orc priest (D:4)
  An adder (D:4)
  A worm (D:4)
  An orc (D:4)
  6 bushes (Abyss:5)
  7 demonic plants (Abyss:5)
  14 fungi
  2 lurking horrors (Abyss:2)
  25 plants
  14 starspawn tentacles
  2 tentacles (Hell)
87 creatures vanquished.

Grand Total: 3063 creatures vanquished

Notes
Turn   | Place    | Note
-------+----------+-------------------------------------------
     0 | D:1      | Rwicked the Gargoyle Earth Elementalist began the quest for the Orb.
     0 | D:1      | Reached XP level 1. HP: 10/10 MP: 3/3
   190 | D:1      | Reached skill level 4 in Earth Magic
   190 | D:1      | Reached XP level 2. HP: 15/15 MP: 1/5
   619 | D:2      | Reached XP level 3. HP: 15/19 MP: 4/7
   624 | D:2      | Learned a level 3 spell: Stone Arrow
   689 | D:2      | Found a faded altar of an unknown god.
  1358 | D:3      | Reached skill level 1 in Conjurations
  1507 | D:3      | Reached XP level 4. HP: 15/24 MP: 4/8
  1878 | D:3      | Reached skill level 5 in Earth Magic
  1878 | D:3      | Reached XP level 5. HP: 28/28 MP: 2/9
  2508 | D:4      | Noticed a slave
  2511 | D:4      | Noticed a slave
  2513 | D:4      | Noticed Pikel
  2513 | D:4      | Noticed a slave
  2674 | D:3      | Killed Pikel
  2674 | D:3      | Reached skill level 6 in Earth Magic
  2674 | D:3      | Reached XP level 6. HP: 15/32 MP: 1/12
  2674 | D:3      | Reached XP level 7. HP: 16/36 MP: 1/13
  3002 | D:4      | Reached skill level 5 in Spellcasting
  3002 | D:4      | Reached skill level 7 in Earth Magic
  3263 | D:4      | Reached skill level 5 in Conjurations
  3263 | D:4      | Reached XP level 8. HP: 35/41 MP: 15/15
  3310 | D:4      | Learned a level 5 spell: Lee's Rapid Deconstruction
  3771 | D:5      | Entered Level 5 of the Dungeon
  3871 | D:4      | Reached skill level 1 in Fighting
  4114 | D:5      | Reached skill level 1 in Armour
  4230 | D:5      | Reached skill level 1 in Maces & Flails
  4230 | D:5      | Reached skill level 1 in Evocations
  4276 | D:5      | Found Woytinnepoe's Food Shop.
  4296 | D:5      | Found Naem's Book Shop.
  4498 | D:5      | Found Zusk's Antique Armour Shoppe.
  4713 | D:5      | Found Ismugg's Antique Armour Shop.
  4716 | D:5      | Noticed Menkaure
  4726 | D:5      | Killed Menkaure
  4862 | D:5      | Found Oroatuef's Food Shoppe.
  4967 | D:5      | Noticed a wyvern
  4971 | D:5      | Killed a wyvern
  5155 | D:5      | Found a staircase to the Ecumenical Temple.
  5165 | Temple   | Entered the Ecumenical Temple
  5384 | Temple   | Became a worshipper of Vehumet
  5587 | D:5      | Found a runed door.
  5591 | D:5      | Noticed Crazy Yiuf
  5596 | D:5      | Killed Crazy Yiuf
  5596 | D:5      | Reached XP level 9. HP: 44/49 MP: 17/17
  6191 | D:6      | Found a shattered altar of Ashenzari.
  6886 | D:7      | Reached skill level 8 in Earth Magic
  6889 | D:7      | Noticed Sigmund
  6898 | D:7      | Killed Sigmund
  6995 | D:7      | Noticed Edmund
  7004 | D:7      | Killed Edmund
  7004 | D:7      | Reached * piety under Vehumet
  7004 | D:7      | Offered knowledge of Flame Tongue by Vehumet.
  7332 | D:7      | Learned a level 1 spell: Flame Tongue
  7890 | D:8      | Noticed a purple ugly thing
  7899 | D:8      | Killed a purple ugly thing
  7899 | D:8      | Reached skill level 1 in Fire Magic
  7899 | D:8      | Reached XP level 10. HP: 49/56 MP: 10/19
  8212 | D:8      | Found a shadowy altar of Dithmenos.
  8212 | D:8      | Found a bloodstained altar of Trog.
  8217 | D:8      | Found a shattered altar of Ashenzari.
  8219 | D:8      | Found a faded altar of an unknown god.
  8221 | D:8      | Found a shimmering altar of Xom.
  8334 | D:8      | Found an iron altar of Okawaru.
  8575 | D:8      | Reached ** piety under Vehumet
  8580 | D:8      | Noticed Prince Ribbit
  8594 | D:8      | Killed Prince Ribbit
  8669 | D:8      | Offered knowledge of Magic Dart by Vehumet.
  8669 | D:8      | Noticed Grum
  8688 | D:8      | Killed Grum
  9656 | D:9      | Noticed a two-headed ogre
  9662 | D:9      | Killed a two-headed ogre
  9798 | D:9      | Reached skill level 9 in Earth Magic
  9993 | D:9      | Offered knowledge of Conjure Flame by Vehumet.
 10002 | D:9      | Learned a level 3 spell: Conjure Flame
 10274 | D:9      | Found a staircase to the Orcish Mines.
 10761 | D:9      | Reached XP level 11. HP: 62/62 MP: 21/21
 11060 | D:9      | Found a sparkling altar of Nemelex Xobeh.
 11095 | D:9      | Reached skill level 5 in Fighting
 11113 | D:9      | Reached *** piety under Vehumet
 11113 | D:9      | Reached skill level 5 in Armour
 11294 | D:10     | Entered Level 10 of the Dungeon
 11617 | D:10     | Noticed Sonja
 11850 | D:10     | Offered knowledge of Ignite Poison by Vehumet.
 11995 | D:10     | Found a staircase to the Lair.
 12017 | D:10     | Killed Sonja
 12058 | D:10     | Noticed Josephine
 12190 | D:9      | Reached skill level 5 in Fire Magic
 12299 | D:9      | Killed Josephine
 12587 | D:10     | Found a white marble altar of Elyvilon.
 12834 | D:10     | Reached skill level 5 in Maces & Flails
 13119 | Lair:1   | Entered Level 1 of the Lair of Beasts
 14103 | Lair:2   | Reached **** piety under Vehumet
 14261 | Lair:2   | Found a hole to the Spider Nest.
 14285 | Lair:2   | Reached XP level 12. HP: 69/69 MP: 16/22
 14475 | Lair:2   | Reached skill level 5 in Evocations
 14513 | Lair:2   | Reached skill level 5 in Dodging
 14992 | Lair:2   | Noticed a four-headed hydra
 14998 | Lair:2   | Killed a four-headed hydra
 15570 | D:5      | Bought a book of Power for 495 gold pieces
 15576 | D:5      | Learned a level 5 spell: Bolt of Magma
 15801 | Lair:3   | Noticed Urug
 15802 | Lair:3   | Found a staircase to the Shoals.
 15812 | Lair:3   | Reached skill level 10 in Earth Magic
 16011 | Lair:3   | Noticed an eight-headed hydra
 16016 | Lair:3   | Killed an eight-headed hydra
 16131 | Lair:3   | Killed Urug
 16253 | Lair:3   | Noticed Kagorn's ghost (journeyman GrFi)
 16365 | Lair:3   | Killed Kagorn's ghost
 17291 | Lair:4   | Reached skill level 1 in Shields
 17585 | Lair:4   | Noticed a five-headed hydra
 17589 | Lair:4   | Killed a five-headed hydra
 17589 | Lair:4   | Reached XP level 13. HP: 76/76 MP: 17/25
 18383 | Lair:5   | Found a labyrinth entrance.
 18396 | Lab      | Entered a labyrinth
 18483 | Lab      | Noticed a minotaur
 18487 | Lab      | Killed a minotaur
 18520 | Lab      | Identified a +1 pair of boots of running (You found it in a labyrinth)
 18610 | Lair:5   | Offered knowledge of Irradiate by Vehumet.
 18823 | Lair:5   | Noticed an entropy weaver
 18831 | Lair:5   | Noticed an entropy weaver
 19271 | Lair:4   | Killed an entropy weaver
 19271 | Lair:4   | Reached skill level 1 in Staves
 19288 | Lair:4   | Killed an entropy weaver
 20176 | Lair:5   | Reached ***** piety under Vehumet
 20237 | Lair:5   | Reached skill level 11 in Earth Magic
 20332 | Lair:5   | Offered knowledge of Bolt of Fire by Vehumet.
 20438 | Lair:5   | Learned a level 6 spell: Bolt of Fire
 20660 | Lair:6   | Entered Level 6 of the Lair of Beasts
 20777 | Lair:6   | Found a runed door.
 20782 | Lair:6   | Found a viscous altar of Jiyva.
 20782 | Lair:6   | Found a staircase to the Slime Pits.
 20782 | Lair:6   | Noticed an acid blob
 20788 | Lair:6   | Killed an acid blob
 20947 | Lair:6   | Gained mutation: Your large and strong wings let you fly indefinitely. [Gargoyle growth]
 20947 | Lair:6   | Reached XP level 14. HP: 84/84 MP: 26/26
 21033 | Lair:6   | Noticed Snorg
 21042 | Lair:6   | Killed Snorg
 21863 | Lair:6   | Reached skill level 10 in Fire Magic
 22109 | Lair:6   | Got a polished helmet
 22120 | Lair:6   | Identified the +1 helmet of the Amoeba {rF+ rC+ MP+9 Dex-4} (You found it on level 6 of the Lair of Beasts)
 22627 | Lair:6   | Reached skill level 10 in Conjurations
 23333 | D:5      | Bought a glowing buckler for 210 gold pieces
 23807 | Orc:1    | Entered Level 1 of the Orcish Mines
 23816 | Orc:1    | Offered knowledge of Sticky Flame by Vehumet.
 24115 | Orc:2    | Entered Level 2 of the Orcish Mines
 24116 | Orc:2    | Found Dyterac's Armour Shop.
 25092 | Orc:2    | Found Lis Sudi's Food Shop.
 25098 | Orc:2    | Found Riduas's Magic Scroll Boutique.
 25285 | Orc:2    | Bought a scroll of identify for 28 gold pieces
 25285 | Orc:2    | Bought a scroll of identify for 28 gold pieces
 25285 | Orc:2    | Bought a scroll of identify for 28 gold pieces
 25285 | Orc:2    | Bought a scroll of identify for 28 gold pieces
 25475 | Orc:2    | Noticed troglodite's ghost (journeyman DsBe)
 25661 | Orc:2    | Found a burning altar of Makhleb.
 25662 | Orc:2    | Killed troglodite's ghost
 25920 | Orc:2    | Reached XP level 15. HP: 78/90 MP: 28/28
 26110 | Orc:2    | Reached skill level 12 in Earth Magic
 26295 | Orc:2    | Reached skill level 5 in Staves
 26399 | Orc:2    | Found Roukhly's Book Emporium.
 26399 | Orc:2    | Found Daskipn's Antique Weapon Shoppe.
 26400 | Orc:2    | Found a one-way gate leading to the halls of Pandemonium.
 26679 | Orc:2    | Offered knowledge of Fireball by Vehumet.
 26686 | Orc:2    | Learned a level 5 spell: Fireball
 27109 | Orc:2    | Found a staircase to the Elven Halls.
 27728 | Elf:1    | Entered Level 1 of the Elven Halls
 28078 | Elf:1    | Found a gateway to a bazaar.
 28095 | Bazaar   | Entered a bazaar
 28109 | Bazaar   | Found Liorch's Weapon Emporium.
 28137 | Bazaar   | Found Nulefueg's Jewellery Emporium.
 28152 | Bazaar   | Found Tiodemus's Gadget Emporium.
 28152 | Bazaar   | Found Vecot's Distillery.
 28535 | Elf:1    | Identified a scroll of acquirement
 28934 | Elf:1    | Reached skill level 10 in Fighting
 29162 | Elf:1    | Reached XP level 16. HP: 90/97 MP: 29/29
 29311 | Elf:1    | Got a bloodstained plate armour
 29552 | Elf:2    | Found a runed gate.
 29552 | Elf:2    | Found a runed gate.
 29552 | Elf:2    | Found a runed gate.
 29563 | Elf:2    | Reached skill level 10 in Spellcasting
 30448 | Elf:2    | Noticed a deep elf blademaster
 30450 | Elf:2    | Reached ****** piety under Vehumet
 30455 | Elf:2    | Killed a deep elf blademaster
 30714 | Elf:2    | Offered knowledge of Bolt of Draining by Vehumet.
 30714 | Elf:2    | Reached skill level 13 in Earth Magic
 31423 | D:11     | Got an iridescent war axe
 31701 | D:11     | Noticed nicolaieve's ghost (journeyman MiBe)
 31943 | D:11     | Killed nicolaieve's ghost
 32188 | D:11     | Found Acu Qadoss's Jewellery Shop.
 32627 | D:12     | Noticed Kuinu's ghost (novice MiFi)
 32636 | D:12     | Killed Kuinu's ghost
 33207 | D:12     | Found a glowing golden altar of the Shining One.
 33320 | D:12     | Found a transporter.
 33787 | D:12     | Found a viscous altar of Jiyva.
 33788 | D:12     | Found a transporter.
 33791 | D:12     | Offered knowledge of Conjure Ball Lightning by Vehumet.
 33937 | D:13     | Found a snail-covered altar of Cheibriados.
 33938 | D:13     | Found a portal to a secret trove of treasure.
 34472 | D:13     | Found a gate to the Vaults.
 34519 | D:13     | Reached XP level 17. HP: 104/104 MP: 31/31
 34526 | D:13     | Found Awnemmeu's Antique Armour Shoppe.
 34737 | D:13     | Noticed Azrael
 34749 | D:13     | Killed Azrael
 35134 | D:14     | Noticed Louise
 35139 | D:14     | Killed Louise
 35317 | D:14     | Noticed Rupert
 35330 | D:14     | Killed Rupert
 35550 | D:14     | Learned a level 8 spell: Ignition
 35552 | D:14     | Found Hitoh's Assorted Antiques.
 35788 | D:15     | Entered Level 15 of the Dungeon
 36073 | D:15     | Noticed Roxanne
 36413 | D:15     | Offered knowledge of Poison Arrow by Vehumet.
 36645 | D:15     | Killed Roxanne
 36676 | D:15     | Identified Roxanne's Incunabulum of Moulding (You took it off Roxanne on level 15 of the Dungeon)
 37292 | D:15     | Found a staircase to the Depths.
 37551 | Spider:1 | Entered Level 1 of the Spider Nest
 38739 | Spider:2 | Noticed Asterion
 38743 | Spider:2 | Killed Asterion
 39181 | Spider:2 | Got a sparkling platinum amulet
 39183 | Spider:2 | Identified the amulet "Beycizui" {Faith Str+3} (You found it on level 2 of the Spider Nest)
 39557 | Spider:3 | Offered knowledge of Ozocubu's Refrigeration by Vehumet.
 39809 | Spider:3 | Reached skill level 14 in Earth Magic
 40022 | Spider:3 | Reached XP level 18. HP: 74/111 MP: 23/33
 40237 | Spider:3 | Reached skill level 10 in Evocations
 41222 | Shoals:1 | Entered Level 1 of the Shoals
 41796 | Shoals:1 | Offered knowledge of Lehudib's Crystal Spear by Vehumet.
 41796 | Shoals:1 | Offered knowledge of Fire Storm by Vehumet.
 41796 | Shoals:1 | Offered knowledge of Chain Lightning by Vehumet.
 45299 | Orc:2    | Bought the +3 Elemental Staff {rElec rF++ rC++ MR++ AC+5} for 2372 gold pieces
 45299 | Orc:2    | Found the +3 Elemental Staff {rElec rF++ rC++ MR++ AC+5}
 45537 | Shoals:4 | Entered Level 4 of the Shoals
 45681 | Shoals:4 | Noticed Ilsuiw
 45835 | Shoals:4 | Got a scorched whip
 46152 | Shoals:4 | Reached XP level 19. HP: 105/117 MP: 33/34
 46278 | Shoals:4 | Killed Ilsuiw
 46549 | Shoals:4 | Reached skill level 10 in Dodging
 47559 | Shoals:4 | Got a barnacled rune of Zot
 47646 | Shoals:4 | Got a slimy glass ring
 47647 | Shoals:4 | Identified the ring "Paiq" {rF+ rN+ Dex-3 SInv} (You found it on level 4 of the Shoals)
 47812 | Spider:4 | Entered Level 4 of the Spider Nest
 48230 | Spider:4 | Reached skill level 10 in Staves
 48264 | Spider:3 | Reached skill level 15 in Earth Magic
 49370 | Spider:3 | Identified the +8 whip "Zaet" {flame, rElec rN+} (You found it on level 4 of the Shoals)
 50595 | Spider:4 | Got a gossamer rune of Zot
 50908 | Vaults:1 | Entered Level 1 of the Vaults
 51515 | Vaults:1 | Reached XP level 20. HP: 120/124 MP: 17/36
 52055 | Vaults:1 | Found Kaxameof's Distillery.
 52647 | Vaults:1 | Found Gonkello's Book Shoppe.
 52835 | Vaults:1 | Found Ontedgh's Distillery.
 53311 | Vaults:1 | Found Ryrougoi's Magic Scroll Shop.
 53434 | Vaults:1 | Found Sent's Assorted Antiques.
 53984 | Vaults:2 | Found a staircase to the Crypt.
 53984 | Vaults:2 | Found an ancient bone altar of Kikubaaqudgha.
 53989 | Vaults:2 | Found a basalt altar of Yredelemnul.
 54066 | Vaults:2 | Noticed Sojobo
 58500 | Vaults:3 | Got a twisted hand crossbow
 58559 | Vaults:3 | Reached XP level 21. HP: 131/131 MP: 37/37
 58629 | Vaults:3 | Got a bloodstained broad axe
 59121 | Vaults:3 | Killed Sojobo
 59121 | Vaults:3 | Reached skill level 16 in Earth Magic
 59231 | Vaults:3 | Found a stormy altar of Qazlal.
 59284 | Vaults:3 | Paralysed by a floating eye for 3 turns
 60378 | Vaults:3 | Noticed Xtahua
 60397 | Vaults:3 | Killed Xtahua
 61350 | Vaults:3 | Got a garnet-encrusted ring mail
 61353 | Vaults:3 | Identified Rehumaki's Handbook of the Birds and Talismans
 61366 | Vaults:3 | Learned a level 8 spell: Lehudib's Crystal Spear
 62781 | Vaults:4 | Reached skill level 15 in Conjurations
 62976 | Vaults:4 | Identified the Grimoire of Flight
 63001 | Vaults:4 | Reached XP level 22. HP: 138/138 MP: 39/39
 63178 | Vaults:4 | Identified the Catalogue of Cold
 63542 | Vaults:4 | Identified the +8 hand crossbow of Xoogexyu {elec, +Inv rC+ SInv Stlth+} (You found it on level 3 of the Vaults)
 63545 | Vaults:4 | Identified the cursed +2 broad axe "Eros" {protect, +Fly rF+ Dex+2} (You found it on level 3 of the Vaults)
 63547 | Vaults:4 | Identified the +0 ring mail of the Spheres {Regen+ Str+4} (You found it on level 3 of the Vaults)
 63840 | Vaults:4 | Identified the Incunabulum of the Traveller
 63922 | Vaults:4 | Found Tytyotan's Distillery.
 64296 | Vaults:4 | Noticed Margery
 64307 | Vaults:4 | Killed Margery
 65060 | Vaults:4 | Identified Tiocwasa's Handbook of the Entourage
 65710 | Depths:1 | Entered Level 1 of the Depths
 65713 | Depths:1 | Reached skill level 17 in Earth Magic
 65761 | Depths:1 | Noticed an ancient lich
 65789 | D:15     | Killed an ancient lich
 66223 | Depths:1 | Reached skill level 15 in Fighting
 66971 | Depths:1 | Reached XP level 23. HP: 110/144 MP: 26/40
 67093 | Depths:1 | Identified the Compendium of Evil
 67339 | Depths:1 | Reached skill level 15 in Fire Magic
 67908 | Depths:1 | Found Ilent's Book Emporium.
 68240 | Depths:1 | Found a gateway to Hell.
 69167 | Depths:2 | Found a gateway to a ziggurat.
 69169 | Depths:2 | Paralysed by a floating eye for 4 turns
 69183 | Depths:2 | Paralysed by a floating eye for 4 turns
 69191 | Depths:2 | Paralysed by a floating eye for 2 turns
 69961 | Depths:2 | Found Xitu's Gadget Boutique.
 69962 | Depths:2 | Found Gaxt's Jewellery Emporium.
 69962 | Depths:2 | Found Keeth's Jewellery Emporium.
 69972 | Depths:2 | Bought the amulet of Vitality {Regen+ HP+15} for 948 gold pieces
 69972 | Depths:2 | Found the amulet of Vitality {Regen+ HP+15}
 70172 | Depths:2 | Found Dukk's Weapon Boutique.
 70953 | Depths:3 | Noticed Boris
 71208 | Depths:3 | Noticed buskinjo's ghost (adept DEFE)
 71220 | Depths:3 | Killed buskinjo's ghost
 71462 | Depths:3 | Killed Boris
 71618 | Depths:3 | Reached XP level 24. HP: 152/152 MP: 41/41
 72521 | Depths:3 | Found a runed gate.
 72521 | Depths:3 | Found a runed gate.
 72521 | Depths:3 | Found a runed gate.
 72551 | Depths:3 | Reached skill level 18 in Earth Magic
 73091 | Depths:3 | Found a runed gate.
 73091 | Depths:3 | Found a runed gate.
 73091 | Depths:3 | Found a runed gate.
 74153 | Depths:4 | Got a fine dire flail
 74154 | Depths:4 | Identified the +2 dire flail "Vamiteqe" {venom, rPois rC+ MR+} (You found it on level 4 of the Depths)
 74886 | Depths:4 | Found a one-way gate to the infinite horrors of the Abyss.
 75143 | Depths:4 | Found an ancient bone altar of Kikubaaqudgha.
 75974 | Depths:4 | Found the +4 robe of Augmentation {Str+4 Int+4 Dex+4}
 76081 | Depths:4 | Got a bound copper ring
 76089 | Depths:4 | Got an iridescent mace
 76110 | Depths:4 | Identified the cursed +1 mace of Twilight {antimagic, rN+ Int+3 Dex-4 SInv} (You found it on level 4 of the Depths)
 76111 | Depths:4 | Identified the ring "Xienigyi" {*Contam +Fly rF+ rN+} (You found it on level 4 of the Depths)
 76253 | Depths:5 | Entered Level 5 of the Depths
 76283 | Depths:5 | Reached XP level 25. HP: 145/157 MP: 15/41
 76993 | Depths:5 | Found a corrupted altar of Lugonu.
 77415 | Depths:5 | Reached skill level 15 in Spellcasting
 77470 | Depths:5 | Paralysed by a floating eye for 3 turns
 77814 | Depths:5 | Found a glowing golden altar of the Shining One.
 77970 | Depths:5 | Found a gate to the Realm of Zot.
 78450 | Lair:2   | Learned a level 9 spell: Shatter
 78613 | Elf:3    | Entered Level 3 of the Elven Halls
 78613 | Elf:3    | Found Hinkoi's Assorted Antiques.
 79751 | Elf:3    | Got a pair of pitted boots
 79752 | Elf:3    | Identified the +3 pair of boots "Ifeedghod" {Int+4} (You found it on level 3 of the Elven Halls)
 79766 | Elf:3    | Found the +3 warlock's mirror {reflect}
 79766 | Elf:3    | Got a coiled pewter ring
 79769 | Elf:3    | Got a scorched leather armour
 79774 | Elf:3    | Got a glittering jade ring
 79781 | Elf:3    | Got a crystal mace
 79816 | Elf:3    | Got a faintly glowing battleaxe
 79825 | Elf:3    | Got an amethyst-encrusted chain mail
 79859 | Elf:3    | Identified the Disquisition on Damage Dealing
 79883 | Elf:3    | Identified the +7 mace of Foul Odors {pain, Str+3} (You found it on level 3 of the Elven Halls)
 79889 | Elf:3    | Identified the cursed +3 battleaxe of Nuynona {elec, +Fly rC+} (You found it on level 3 of the Elven Halls)
 79902 | Elf:3    | Identified the cursed +0 leather armour of the Monkey {rC+++ Str+7 Dex-2} (You took it off a deep elf demonologist on level 3 of the Elven Halls)
 79913 | Elf:3    | Identified the cursed +0 chain mail of Sin {Regen+ Int-3 Dex+5} (You found it on level 3 of the Elven Halls)
 79938 | Elf:3    | Identified the ring of Culigap {rC++ AC+3 Str-3 Dex+2} (You took it off a deep elf demonologist on level 3 of the Elven Halls)
 79939 | Elf:3    | Identified the ring "Ronnax" {rF+ AC+3 Int+7 Dex+2} (You found it on level 3 of the Elven Halls)
 81477 | D:5      | Bought a ration for 50 gold pieces
 81477 | D:5      | Bought a ration for 50 gold pieces
 81477 | D:5      | Bought a ration for 50 gold pieces
 81477 | D:5      | Bought a ration for 50 gold pieces
 81477 | D:5      | Bought a ration for 50 gold pieces
 81477 | D:5      | Bought a ration for 50 gold pieces
 81477 | D:5      | Bought a ration for 50 gold pieces
 81477 | D:5      | Bought a ration for 50 gold pieces
 81477 | D:5      | Bought a ration for 50 gold pieces
 81477 | D:5      | Bought a ration for 50 gold pieces
 81477 | D:5      | Bought a ration for 50 gold pieces
 81477 | D:5      | Bought a ration for 50 gold pieces
 81477 | D:5      | Bought a ration for 50 gold pieces
 81853 | Vaults:5 | Entered Level 5 of the Vaults
 81855 | Vaults:5 | Reached skill level 19 in Earth Magic
 82037 | Vaults:5 | Reached XP level 26. HP: 165/165 MP: 29/42
 82410 | Vaults:5 | Noticed an ancient lich
 82509 | Vaults:5 | Killed an ancient lich
 82681 | Vaults:5 | Reached skill level 20 in Earth Magic
 82880 | Vaults:5 | Reached skill level 15 in Evocations
 82891 | Vaults:5 | Noticed an ancient lich
 83041 | Vaults:5 | Killed an ancient lich
 83908 | Vaults:5 | Reached XP level 27. HP: 146/172 MP: 17/42
 84132 | Vaults:5 | Got a pair of faintly humming boots
 84134 | Vaults:5 | Identified the +2 pair of boots of Foyxt {Int+4 Dex+4} (You found it on level 5 of the Vaults)
 84185 | Vaults:5 | Got a silver rune of Zot
 84220 | Vaults:5 | Identified the Guide on Spatial Cold
 84314 | Vaults:5 | Identified the Incunabulum of Attacks
 84682 | Vaults:5 | Noticed an ancient lich
 84689 | Vaults:5 | Killed an ancient lich
 84726 | Vaults:5 | Identified the Almanac of Clay and Stolen Souls
 85383 | D:13     | Bought a runed cloak for 210 gold pieces
 85595 | D:5      | Bought the +18 shield of the Gong {rElec rN+ MR+ EV-5} for 3113 gold pieces
 85595 | D:5      | Found the +18 shield of the Gong {rElec rN+ MR+ EV-5}
 85595 | D:5      | Bought a shiny helmet for 240 gold pieces
 86055 | D:13     | You paid a toll of the shield of the Gong to enter a treasure trove
 86056 | Trove    | Entered a treasure trove
 86061 | Trove    | Got a crude short sword
 86066 | Trove    | Got a scorched long sword
 86077 | Trove    | Got a transparent arbalest
 86091 | Trove    | Identified the +1 short sword of Balance {holy, Str+6 Dex-2 SInv Stlth+} (You found it in a treasure trove)
 86092 | Trove    | Identified the cursed +1 long sword "Jivuf" {slice, +Blink} (You found it in a treasure trove)
 86099 | Trove    | Identified the +7 arbalest of Huiq {flame, *Slow rC+ rN++ Stlth+} (You found it in a treasure trove)
 86471 | Depths:2 | Bought the amulet of Roguq {RegenMP rPois rN+ Slay+2} for 1076 gold pieces
 86889 | Crypt:1  | Entered Level 1 of the Crypt
 86889 | Crypt:1  | Noticed Mara
 86895 | Crypt:1  | Killed Mara
 87251 | Crypt:1  | Reached skill level 21 in Earth Magic
 88249 | Crypt:2  | Got an iridescent mace
 88267 | Crypt:2  | Identified the +3 mace of Chaos {speed, +Rage Int+5} (You found it on level 2 of the Crypt)
 89211 | Crypt:3  | Entered Level 3 of the Crypt
 89414 | Crypt:3  | Noticed Bai Suzhen
 89422 | Crypt:3  | Killed Bai Suzhen
 90031 | Crypt:3  | Found a basalt altar of Yredelemnul.
 90492 | Crypt:3  | Identified the Catalogue of Doomed Combat Magic
 90497 | Crypt:3  | Identified the Almanac of Companions
 90501 | Crypt:3  | Identified the Papyrus of the Cloudy Blaze
 91119 | Crypt:3  | Found a staircase to the Tomb.
 91643 | Crypt:3  | Identified the Guide on Enhancements
 91699 | Crypt:3  | Got a smoking wooden ring
 91700 | Crypt:3  | Identified the ring "Qoegouch" {rC++ rN+ Stlth-} (You found it on level 3 of the Crypt)
 91703 | Crypt:3  | Got a bound brass ring
 91709 | Crypt:3  | Identified the ring "Caygrex" {rPois rC+ rN+ Str+4 Int+2} (You found it on level 3 of the Crypt)
 92779 | Zot:1    | Entered Level 1 of the Realm of Zot
 92784 | Zot:1    | Reached skill level 22 in Earth Magic
 93416 | Zot:1    | Noticed an orb of fire
 93545 | Zot:1    | Gained mutation: Your flesh is cold resistant. (rC+) [an orb of fire]
 93554 | Zot:1    | Gained mutation: [You tend to lose your temper in combat.] [an orb of fire]
 93555 | Zot:1    | Gained mutation: [Scrolls take you a little longer to read.] [an orb of fire]
 93558 | Zot:1    | Gained mutation: Your magical capacity is low. (-10% MP) [an orb of fire]
 93559 | Zot:1    | Gained mutation: You are dopey. (Int -2) [an orb of fire]
 93560 | Zot:1    | Killed an orb of fire
 94324 | Zot:2    | Reached skill level 15 in Dodging
 94325 | Zot:2    | Found a transporter.
 94391 | Zot:2    | Noticed an orb of fire
 94411 | Zot:2    | Killed an orb of fire
 94738 | Zot:2    | Found a transporter.
 95313 | Zot:2    | Got a steaming turquoise ring
 95316 | Zot:2    | Got a pair of fine boots
 95324 | Zot:2    | Got a crude tin ring
 95328 | Zot:2    | Identified the +0 pair of boots "Ecosana" {rN+ Str+4 Stlth+} (You found it on level 2 of the Realm of Zot)
 95330 | Zot:2    | Identified the ring of Dogma {rC+ rN+} (You found it on level 2 of the Realm of Zot)
 95332 | Zot:2    | Identified the ring of the Okapi {*Corrode rElec EV+4 Int+5} (You found it on level 2 of the Realm of Zot)
 97874 | Zot:5    | Entered Level 5 of the Realm of Zot
 97881 | Zot:5    | Got a fine hand crossbow
 98184 | Zot:5    | Reached skill level 23 in Earth Magic
 98249 | Zot:5    | Noticed an ancient lich
 98254 | Zot:5    | Killed an ancient lich
 98304 | Zot:5    | Noticed an ancient lich
 98325 | Zot:5    | Killed an ancient lich
 99117 | Zot:5    | Noticed an ancient lich
 99118 | Zot:5    | Killed an ancient lich
 99324 | Zot:5    | Noticed an orb of fire
 99327 | Zot:5    | Noticed an orb of fire
 99328 | Zot:5    | Gained mutation: You do not regenerate when monsters are visible. [an orb of fire]
 99333 | Zot:5    | Noticed an orb of fire
 99334 | Zot:5    | Noticed an orb of fire
 99338 | Zot:5    | Gained mutation: You are clumsy. (Dex -2) [an orb of fire]
 99360 | Zot:5    | Noticed an ancient lich
 99367 | Zot:5    | Gained mutation: You are robust. (+10% HP) [an orb of fire]
 99776 | Zot:5    | Gained mutation: You are very dopey. (Int -4) [an orb of fire]
 99779 | Zot:5    | Gained mutation: Armour fits poorly on your strangely shaped body. [an orb of fire]
 99791 | Zot:4    | Gained mutation: Your body sometimes deteriorates upon taking damage. [an orb of fire]
 99804 | Zot:4    | Lost mutation: [Scrolls take you a little longer to read.] [an orb of fire]
 99822 | Zot:4    | Killed an orb of fire
100175 | Zot:5    | Gained mutation: [Your spells are a little easier to cast, but a little less powerful.] [an orb of fire]
100181 | Zot:4    | Killed an orb of fire
100632 | Zot:5    | Noticed an orb of fire
100644 | Zot:5    | Gained mutation: You are very clumsy. (Dex -4) [an orb of fire]
100650 | Zot:5    | Killed an orb of fire
100815 | Zot:5    | Killed an ancient lich
101007 | Zot:5    | Gained mutation: You occasionally shout uncontrollably at your foes. [an orb of fire]
101025 | Zot:5    | Killed an orb of fire
101204 | Zot:5    | Gained mutation: Your magical capacity is very low. (-20% MP) [an orb of fire]
101205 | Zot:5    | Killed an orb of fire
102146 | Lair:2   | Learned a level 8 spell: Death's Door
102159 | Lair:2   | Identified the +9 hand crossbow of the Beginning {elec, rPois} (You found it on level 5 of the Realm of Zot)
102164 | Lair:2   | Identified the +4 plate armour of Wasted Space {rN+ MR- Int+6} (You acquired it on level 1 of the Elven Halls)
102417 | Hell     | Entered the Vestibule of Hell
102417 | Hell     | Noticed Geryon
102425 | Hell     | Killed Geryon
102559 | Depths:1 | Reached skill level 1 in Charms
102704 | Hell     | Reached skill level 1 in Necromancy
103020 | Hell     | Found a gateway to the decaying netherworld of Tartarus.
103127 | Hell     | Found a gateway to the ashen valley of Gehenna.
103275 | Hell     | Found a gateway to the Iron City of Dis.
103364 | Hell     | Found a gateway to the freezing wastes of Cocytus.
103368 | Hell     | Reached skill level 24 in Earth Magic
103718 | Depths:4 | Voluntarily entered the Abyss.
103875 | Abyss:1  | Gained mutation: [You are weak. (Str -2)] [a neqoxec]
104194 | Abyss:1  | Got a faintly glowing halberd
104195 | Abyss:1  | Identified the +9 halberd "Talli Foam" {chop, rPois rF- Dex+6} (You found it on level 1 of the Abyss)
104232 | Abyss:1  | Got a scorched glass ring
104329 | Abyss:1  | Found a corrupted altar of Lugonu.
104413 | Abyss:1  | Paralysed by accursed screaming for 1 turns
105536 | Abyss:2  | Paralysed by accursed screaming for 1 turns
106187 | Abyss:5  | Entered Level 5 of the Abyss
106648 | Abyss:5  | Gained mutation: [You are occasionally teleported next to monsters.] [a neqoxec]
106833 | Abyss:5  | HP: 9/181 [Executioner (21)]
106837 | Abyss:5  | Slain by an Executioner

Skill      XL: |  1  2  3  4  5  6  7  8  9 10 11 12 13 14 15 16 17 18 19 20 21 22 23 24 25 26 27 |
---------------+----------------------------------------------------------------------------------+-----
Earth Magic    | 4 5 6 7 8 9 10 11 12 13 14 15 16 17 18 19 20 24 | 24.7
Conjurations   | 1 4 5 6 7 8 9 10 11 12 13 14 15 16 17 18 21 | 21.1
Spellcasting   | 3 4 5 6 7 8 9 10 11 12 13 14 15 18 | 18.6
Fighting       | 2 3 4 5 7 8 9 10 11 12 13 14 15 16 17 20 | 20.8
Armour         | 2 3 4 5 6 |  6.0
Maces & Flails | 2 3 4 5 6 |  6.7
Dodging        | 2 3 4 5 6 7 8 9 10 11 12 13 14 16 | 16.7
Evocations     | 1 3 4 5 6 7 8 9 10 11 12 13 14 15 17 | 17.5
Fire Magic     | 1 4 6 7 9 10 11 12 13 14 15 16 17 20 | 20.0
Shields        | 1 3 4 |  4.0
Staves         | 2 4 6 7 8 9 10 11 12 13 14 | 14.5
Charms         | 4 |  4.6
Necromancy     | 4 |  4.3
Stealth        | |  2.1
Transmutations | |  0.7

Action                   |  1- 3 |  4- 6 |  7- 9 | 10-12 | 13-15 | 16-18 | 19-21 | 22-24 | 25-27 || total
-------------------------+-------+-------+-------+-------+-------+-------+-------+-------+-------++-------
Melee: Unarmed           |     5 |       |       |       |       |       |       |       |    14 ||    19
       Club              |    19 |       |       |       |       |       |       |       |       ||    19
       Whip              |    10 |    19 |    15 |       |       |       |       |       |       ||    44
       Flail             |       |       |       |    13 |       |       |       |       |       ||    13
       Staff             |       |       |       |       |    13 |    64 |    95 |   118 |  1307 ||  1597
Throw: Stone             |       |       |       |     1 |       |       |       |       |       ||     1
       Tomahawk          |       |       |       |     2 |       |       |       |       |       ||     2
 Cast: Sandblast         |    40 |    49 |    99 |   122 |    24 |     5 |     8 |       |     1 ||   348
       Stone Arrow       |       |     2 |    79 |   222 |    35 |    36 |    54 |    16 |    28 ||   472
       Lee's Rapid Decon |       |       |     2 |    13 |    25 |     5 |    19 |    72 |    20 ||   156
       Conjure Flame     |       |       |       |     6 |       |       |     6 |     1 |       ||    13
       Flame Tongue      |       |       |       |     2 |       |       |     1 |       |     1 ||     4
       Bolt of Magma     |       |       |       |    47 |   323 |   544 |   529 |   548 |  1090 ||  3081
       Bolt of Fire      |       |       |       |       |    96 |   157 |   145 |   191 |   108 ||   697
       Fireball          |       |       |       |       |     4 |    43 |    51 |    36 |    62 ||   196
       Lehudib's Crystal |       |       |       |       |       |       |       |     5 |    15 ||    20
       Ignition          |       |       |       |       |       |       |       |     1 |       ||     1
       Shatter           |       |       |       |       |       |       |       |       |    66 ||    66
 Abil: Fly               |       |       |       |       |     1 |     1 |     1 |     1 |     2 ||     6
       Stop Flying       |       |       |       |       |       |     1 |     2 |       |     2 ||     5
Evoke: Wand              |       |       |       |       |       |       |     2 |     1 |     2 ||     5
  Use: Scroll            |       |       |    11 |    10 |     9 |    12 |     8 |    11 |    30 ||    91
       Potion            |       |       |       |       |       |     2 |     2 |       |    15 ||    19
 Stab: Sleeping          |     4 |     3 |     6 |       |       |       |       |       |       ||    13
       Distracted        |       |       |     1 |       |     1 |       |       |       |     1 ||     3
  Eat: Chunk             |     2 |     3 |    17 |    53 |   119 |   143 |    81 |    68 |    50 ||   536
       Ration            |       |       |     1 |     1 |     6 |    11 |    21 |    15 |    25 ||    80
Armor: Robe              |    17 |    20 |    12 |    70 |    42 |   238 |   310 |   176 |   753 ||  1638
       Troll leather arm |       |       |       |       |    17 |       |       |       |       ||    17
       Skin              |       |       |       |       |       |       |       |       |    14 ||    14
Dodge: Dodged            |    31 |    20 |    46 |   123 |    64 |   187 |   242 |   178 |  1261 ||  2152
Block: Buckler           |       |       |       |       |     6 |    82 |   126 |    97 |   590 ||   901
       Reflection        |       |       |       |       |       |       |       |       |    59 ||    59
